Map: Arctic Dream LE

Players

qqq

  • Race: Zerg Zerg
  • Spawn Location: 11:00

Massa

  • Race: Terran Terran
  • League: Platinum
  • Spawn Location: 12:00

broly - Winner!

  • Race: Zerg Zerg
  • League: Diamond
  • Spawn Location: 6:00

Arkadia - Winner!

  • Race: Zerg Zerg
  • Spawn Location: 5:00

VOD

Have the link to the VOD?

Description

Time

  • Played on: Nov. 13, 2020, 4:14 p.m.
  • Length: 19:59
Show
View Real Time Build Order
Export as new Build Order

qqq Zerg 

Build Orders: Hatch First, Lurkers 

Get SALT Encoding   

  12  0:01  Drone  
  13  0:12  Drone  
  14  0:36  Hatchery  
  14  0:41  Drone  
  14  1:00  Spawning Pool  
  13  1:07  Overlord  
  13  1:12  Drone  
  13  1:16  Extractor  
  13  1:23  Drone  
  14  1:28  Drone  
  14  1:31  Drone  
  16  1:43  Drone  
  17  1:49  Queen  
  17  1:53  Drone  
  20  2:04  Queen  
  20  2:08  Drone  
  23  2:16  Drone x2  
  23  2:21  Drone  
  23  2:22  Drone  
  27  2:31  Spine Crawler  
  27  2:33  Drone  
  27  2:40  Overlord  
  27  2:43  Zergling x2  
  28  2:50  Overlord  
  28  2:58  Zergling x4  
  30  3:00  Metabolic Boost  
  30  3:05  Zergling x4  
  32  3:11  Zergling x4  
  34  3:14  Zergling x2  
  35  3:24  Zergling x4  
  37  3:29  Drone, Baneling Nest  
  36  3:42  Zergling x8  
  36  3:43  Zergling x2  
  41  3:48  Drone  
  41  3:49  Evolution Chamber  
  41  3:59  Drone x2  
  41  4:01  Overlord  
  43  4:06  Overlord  
  43  4:17  Zerg Melee Weapons Level 1  
  43  4:20  Drone  
  43  4:21  Drone, Zergling x2  
  46  4:24  Extractor  
  46  4:30  Zergling x2  
  46  4:31  Drone, Zergling x4  
  46  4:59  Zergling x4  
  48  5:00  Zergling x4  
  48  5:04  Zergling x6  
  47  5:31  Zergling x6  
  47  5:35  Hatchery  
  49  5:36  Baneling x4  
  49  5:37  Baneling x2  
  49  5:45  Hatchery  
  47  5:51  Zergling x2  
  47  5:52  Zergling x12  
  48  5:58  Zergling x2  
  43  6:12  Zerg Ground Armor Level 1  
  43  6:13  Zergling x2  
  43  6:14  Zergling x4  
  40  6:30  Zergling x4  
  40  6:31  Zergling x6  
  44  6:42  Zergling x6  
  48  6:47  Drone x3  
  48  6:48  Zergling x4  
  48  6:49  Zergling x2  
  45  7:21  Zergling x4  
  45  7:22  Zergling x8  
  48  7:23  Zergling x14  
  48  7:24  Zergling x2  
  47  7:46  Queen  
  47  7:49  Drone x5  
  47  7:50  Drone x3  
  57  7:56  Zergling x2  
  57  7:58  Baneling x4  
  58  8:03  Zergling x4  
  58  8:04  Zergling x2  
  58  8:27  Baneling x4  
  58  8:28  Baneling x4  
  58  8:32  Zergling x12  
  58  8:33  Zergling x8  
  58  8:34  Zergling x4  
  57  8:49  Zergling x2  
  57  8:50  Zergling x14  
  57  8:54  Lair  
  65  9:01  Drone x4  
  65  9:02  Drone  
  69  9:05  Extractor  
  68  9:14  Evolution Chamber  
  68  9:16  Extractor  
  66  9:19  Drone x5  
  66  9:21  Overlord  
  70  9:37  Zergling x2  
  70  9:38  Zergling x6  
  72  9:39  Drone x2  
  72  9:40  Overlord x2  
  72  9:41  Drone x2  
  76  9:58  Drone x4  
  76  9:59  Drone x4, Queen  
  84  10:04  Drone  
  84  10:06  Zerg Melee Weapons Level 2  
  87  10:09  Zergling x2  
  88  10:23  Spore Crawler  
  88  10:24  Hydralisk Den  
  88  10:25  Zerg Ground Armor Level 2  
  86  10:29  Drone x6  
  86  10:30  Drone x2  
  86  10:34  Zergling x4, Overlord  
  96  10:39  Baneling  
  96  10:40  Baneling x8  
  96  10:41  Baneling x2  
  96  10:48  Centrifical Hooks  
  96  10:52  Drone x4  
  100  11:06  Hatchery  
  100  11:07  Hydralisk, Infestation Pit, Muscular Augments  
  100  11:08  Hydralisk  
  100  11:10  Hydralisk, Lurker Den  
  100  11:11  Zergling x2  
  97  11:37  Hydralisk x2  
  97  11:38  Hydralisk x3  
  103  11:40  Overlord x4  
  103  11:41  Overlord  
  103  11:46  Hive  
  103  11:48  Overlord x2  
  103  11:49  Overlord  
  103  11:53  Extractor  
  102  11:55  Extractor  
  101  12:02  Drone x3  
  101  12:04  Extractor  
  101  12:05  Extractor  
  102  12:09  Spore Crawler  
  102  12:12  Hatchery  
  102  12:13  Spore Crawler  
  97  12:18  Grooved Spines  
  97  12:22  Zerg Missile Weapons Level 1  
  95  12:24  Lurker  
  95  12:26  Lurker x2  
  95  12:27  Drone, Lurker  
  95  12:28  Drone x6  
  95  12:29  Spore Crawler  
  105  12:30  Spore Crawler  
  105  12:31  Spore Crawler  
  105  12:32  Hydralisk x4, Spore Crawler  
  105  12:33  Spine Crawler  
  84  13:11  Seismic Spines  
  84  13:15  Zergling x6  
  84  13:16  Zergling x14  
  84  13:17  Zergling x2  
  84  13:19  Lurker  
  98  13:20  Lurker x3  
  98  13:22  Spore Crawler x2  
  98  13:24  Spore Crawler  
  96  13:31  Drone x3, Hydralisk x3  
  105  13:37  Zergling x2  
  106  13:48  Hydralisk x2  
  108  13:49  Hydralisk  
  108  13:55  Hatchery  
  89  14:13  Hydralisk x2  
  89  14:14  Hydralisk x3  
  89  14:15  Drone x2  
  89  14:16  Drone x2  
  100  14:33  Hydralisk x3  
  100  14:34  Drone  
  100  14:35  Drone x3  
  109  14:59  Hydralisk  
  109  15:00  Hydralisk x4  
  109  15:01  Drone x3  
  109  15:02  Drone x2  
  109  15:05  Lurker x2  
  109  15:06  Lurker  
  124  15:13  Pneumatized Carapace  
  124  15:15  Overseer  
  124  15:20  Ultralisk Cavern  
  116  15:32  Zergling x8  
  116  15:33  Drone x2, Zergling x2  
  116  15:34  Drone x6  
  129  15:39  Spine Crawler  
  128  15:56  Hatchery, Hydralisk  
  128  15:57  Hydralisk  
  127  15:59  Spine Crawler, Hydralisk x5  
  127  16:00  Spine Crawler  
  127  16:01  Drone x2, Spore Crawler  
  127  16:02  Lurker  
  127  16:03  Spore Crawler, Lurker x4  
  127  16:04  Hatchery  
  143  16:05  Spine Crawler, Lurker  
  143  16:06  Lurker  
  144  16:12  Drone  
  106  16:36  Ultralisk x3  
  116  16:52  Hydralisk x4  
  124  17:01  Anabolic Synthesis  
  124  17:10  Hatchery  
  123  17:19  Hatchery  
  122  17:30  Drone  
  122  17:31  Drone  
  122  17:34  Lurker x4  
  128  17:37  Hydralisk  
  128  17:42  Drone  
  131  17:49  Drone  
  130  18:08  Drone  
  131  18:18  Drone  
  131  18:19  Hydralisk x3  
  136  18:39  Hydralisk x2  
  136  18:40  Hydralisk x5  
  136  18:41  Hydralisk x4  
  106  18:49  Drone x2  
  106  18:50  Spine Crawler  
  106  18:51  Spine Crawler  
  106  18:52  Spore Crawler  
  105  18:59  Lurker x2  
  105  19:01  Drone  
  106  19:07  Hydralisk x2  
  106  19:08  Hydralisk x2  
  88  19:34  Hydralisk x3  
  88  19:36  Drone  
  88  19:37  Drone x2  
Show
View Real Time Build Order
Export as new Build Order

Massa Terran 

Build Orders:  

Get SALT Encoding   

  12  0:00  SCV  
  13  0:12  SCV  
  14  0:17  Supply Depot  
  14  0:25  SCV  
  15  0:39  SCV  
  15  0:40  Barracks  
  16  0:46  Refinery  
  16  0:51  SCV  
  17  1:05  SCV  
  18  1:17  SCV  
  19  1:28  Barracks  
  19  1:29  SCV  
  19  1:30  Supply Depot  
  19  1:31  Barracks Tech Lab  
  20  1:37  Barracks  
  20  1:41  SCV  
  21  1:53  Marine  
  22  1:57  Orbital Command  
  22  2:01  Stimpack  
  24  2:16  Marine  
  24  2:17  Marine  
  24  2:25  Marine  
  25  2:34  Marine  
  26  2:38  Command Center  
  26  2:45  Marine x2  
  26  2:50  Factory  
  28  2:54  Marine  
  29  3:03  Marine x2  
  31  3:08  Supply Depot  
  31  3:09  Supply Depot  
  31  3:30  Marine x3  
  34  3:45  Factory Reactor  
  34  3:47  Marine  
  34  3:48  Barracks Reactor, Marauder  
  37  3:54  Engineering Bay  
  37  4:05  Marine  
  37  4:09  Marauder  
  40  4:18  Combat Shield  
  40  4:24  Orbital Command  
  40  4:26  Hellion  
  40  4:27  Hellion  
  44  4:33  Marine  
  44  4:34  Marauder, Marine  
  48  4:48  Hellion x2  
  35  5:15  Marauder, Marine  
  35  5:16  Marine x2  
  40  5:25  SCV, Hellion x2  
  45  5:33  Marine x2  
  47  5:37  Marauder  
  47  5:42  Marine  
  48  5:46  Hellion x2  
  52  5:51  Marine  
  51  5:58  Marauder  
  53  6:10  Marine x2  
  53  6:11  Marine  
  55  6:12  SCV x2  
  56  6:20  Marauder  
  56  6:24  SCV x2  
  58  6:28  Marine  
  51  6:36  SCV x2  
  47  6:41  Marauder, Marine  
  47  6:44  Barracks Reactor  
  47  6:46  Marine  
  51  6:47  Hellion x2  
  51  6:51  Armory  
  55  6:57  Missile Turret  
  55  6:59  Marine  
  56  7:02  Marauder  
  58  7:09  Hellion x2  
  57  7:24  Marauder  
  57  7:29  Marine x4  
  49  7:40  Starport  
  46  7:45  Marauder  
  46  7:46  Marine  
  46  7:47  Marine x3  
  51  7:56  Hellion x2  
  55  8:04  Marine  
  53  8:07  Marauder  
  55  8:17  Hellion x2  
  53  8:28  Marauder, Marine x2  
  53  8:29  Marine x2  
  50  8:46  Marine x4  
  54  8:49  Marauder  
  54  8:51  Hellion  
  54  8:52  Hellion  
  54  8:54  SCV x2  
  62  9:07  Missile Turret  
  62  9:11  Hellion x4, Supply Depot  
  62  9:16  Command Center  
  62  9:18  Refinery  
  62  9:31  Refinery  
  62  9:33  Liberator, Marauder, Marine, SCV x2  
  70  9:43  Supply Depot  
  70  9:44  Supply Depot x2  
  70  9:46  Supply Depot  
  70  9:47  Supply Depot  
  70  9:56  Hellion x2  
  70  10:04  Marine x4  
  70  10:05  SCV x2, Marauder  
  72  10:17  SCV, Hellion x2, Medivac  
  79  10:22  Marine x2  
  79  10:26  Marauder  
  83  10:39  Refinery  
  83  10:45  Engineering Bay  
  83  10:47  SCV x2, Medivac  
  87  10:50  Marauder, Marine x4  
  93  10:59  SCV x2  
  95  11:08  Marine x3  
  95  11:11  SCV x2  
  99  11:12  Orbital Command, Marauder  
  102  11:22  Starport Reactor  
  102  11:23  SCV x2  
  101  11:32  Barracks  
  101  11:33  Barracks, Marauder  
  101  11:35  SCV x2  
  101  11:38  Hellion  
  105  11:47  SCV  
  106  11:54  Marauder  
  98  12:12  SCV x3, Missile Turret  
  98  12:15  Marine x4, Missile Turret  
  104  12:16  Marauder  
  104  12:19  Terran Infantry Armor Level 1, Terran Infantry Weapons Level 1  
  107  12:23  Missile Turret  
  107  12:24  SCV x2  
  107  12:25  SCV  
  107  12:29  Missile Turret  
  110  12:33  Marine x3  
  110  12:34  Missile Turret  
  110  12:36  SCV x2, Missile Turret  
  110  12:37  SCV, Marauder  
  116  12:43  Missile Turret  
  118  12:48  SCV  
  118  12:49  SCV, Missile Turret  
  91  13:30  Marauder  
  91  13:31  Barracks Reactor  
  91  13:32  Barracks Tech Lab, Marine x2  
  91  13:33  Marine x2  
  62  13:38  Hellion x2  
  62  13:40  Refinery  
  66  13:42  Refinery  
  66  13:50  Marine x3  
  66  13:51  Marauder, Marine  
  71  13:59  Hellion x2  
  71  14:02  Orbital Command  
  75  14:08  Marauder, Marine x6  
  83  14:12  Marauder  
  85  14:19  SCV  
  85  14:20  SCV  
  85  14:21  Hellion  
  89  14:25  Marine  
  89  14:26  Marine x4  
  89  14:29  Marauder  
  96  14:32  SCV x2  
  96  14:34  Marauder  
  100  14:44  Refinery, SCV x2  
  99  14:51  Marauder  
  83  14:55  Marauder  
  83  14:56  SCV  
  83  15:00  Orbital Command  
  83  15:05  Marine  
  83  15:06  Marine x5  
  84  15:12  Marauder  
  83  15:16  Marauder  
  82  15:21  Medivac  
  82  15:22  Medivac  
  82  15:23  Marine x6  
  92  15:32  Widow Mine x2  
  92  15:33  Marauder  
  98  15:37  Marine  
  98  15:41  Marine x5  
  104  15:51  Medivac  
  104  15:52  Medivac  
  104  15:53  Widow Mine  
  104  15:54  Sensor Tower  
  110  16:07  Missile Turret  
  110  16:11  Missile Turret  
  110  16:13  Missile Turret  
  110  16:16  Missile Turret  
  110  16:23  Medivac x2  
  114  16:33  Command Center  
  114  16:53  Medivac  
  115  17:07  SCV x3  
  116  17:18  Missile Turret  
  116  17:19  SCV x3  
  119  17:38  Missile Turret  
  119  17:44  Planetary Fortress  
  119  17:46  Sensor Tower  
  119  17:55  Command Center  
  119  17:58  Missile Turret  
  116  18:13  Missile Turret  
  116  18:16  SCV x2  
  116  18:17  SCV  
  116  18:18  Missile Turret  
  114  18:20  Missile Turret  
  114  18:28  SCV x2  
  114  18:29  SCV  
  117  18:40  SCV  
  117  18:41  SCV x2, Missile Turret  
  118  18:51  Marauder x2  
  118  18:52  Marine x6  
  118  18:53  SCV x3  
  131  19:02  Missile Turret  
  125  19:12  Marauder x2, Marine x2  
  125  19:13  Marine x4  
  104  19:30  Marine x6  
  110  19:34  Marauder x2  
Show
View Real Time Build Order
Export as new Build Order

broly Zerg - Winner!

Build Orders: Hatch First, Zergling Baneling 

Get SALT Encoding   

  12  0:00  Drone  
  13  0:09  Drone  
  14  0:17  Overlord  
  14  0:35  Drone x2  
  16  0:36  Drone  
  17  0:52  Hatchery  
  17  0:55  Drone  
  17  0:57  Extractor  
  17  1:02  Drone  
  17  1:09  Drone  
  18  1:20  Overlord  
  18  1:32  Drone  
  19  1:37  Spawning Pool  
  18  1:41  Drone  
  19  1:54  Drone  
  20  2:07  Drone  
  21  2:09  Overlord  
  21  2:13  Extractor  
  20  2:19  Drone  
  20  2:20  Drone  
  22  2:24  Queen  
  22  2:25  Queen  
  26  2:33  Spine Crawler  
  25  2:37  Drone x2  
  27  2:44  Drone  
  27  2:45  Drone x2  
  30  2:53  Drone  
  30  2:55  Metabolic Boost  
  31  3:00  Baneling Nest  
  30  3:06  Zergling x4  
  30  3:10  Spore Crawler  
  31  3:13  Drone, Spore Crawler  
  31  3:14  Drone  
  32  3:22  Drone  
  32  3:25  Drone  
  34  3:33  Drone  
  35  3:36  Drone x3  
  35  3:40  Drone x3  
  35  3:41  Drone  
  42  3:45  Overlord  
  42  3:47  Baneling x3  
  42  3:48  Baneling  
  42  3:59  Zergling x2  
  42  4:00  Zergling x2  
  44  4:05  Zergling x10  
  49  4:14  Overlord  
  49  4:19  Baneling x2  
  49  4:25  Baneling x3  
  49  4:26  Baneling x2  
  48  4:44  Zergling x2  
  48  4:45  Zergling x8  
  43  5:15  Overlord  
  43  5:16  Overlord  
  43  5:19  Drone  
  43  5:20  Overlord  
  43  5:21  Hatchery, Overlord  
  44  5:23  Baneling x2  
  43  5:29  Baneling x2  
  43  5:30  Baneling  
  41  5:50  Zergling x2  
  41  5:51  Zergling x12  
  41  5:56  Zergling x6  
  50  6:08  Zergling x8  
  54  6:16  Baneling  
  54  6:17  Baneling  
  53  6:29  Zergling x8  
  57  6:35  Baneling x2  
  52  6:41  Zergling x12  
  58  6:49  Spine Crawler  
  58  6:51  Spine Crawler, Baneling  
  58  6:52  Baneling x3  
  58  6:53  Spine Crawler x2  
  52  7:05  Zergling x16  
  52  7:06  Zergling x2  
  52  7:22  Zergling x2  
  52  7:23  Zergling x14  
  54  7:34  Drone x5  
  54  7:36  Queen x2  
  60  7:37  Queen  
  64  7:55  Overlord x2  
  64  8:01  Overlord x3  
  64  8:02  Extractor x2  
  61  8:12  Baneling x2  
  52  8:13  Baneling x15  
  50  8:25  Zergling x6  
  50  8:26  Zergling x8  
  54  8:27  Lair  
  54  8:33  Drone x2  
  47  8:57  Drone x4  
  47  8:58  Drone  
  47  8:59  Baneling x3  
  47  9:00  Baneling, Zergling x4  
  47  9:01  Zergling x12  
  59  9:12  Drone x3  
  59  9:13  Drone x2  
  64  9:28  Baneling x2  
  60  9:39  Hatchery  
  60  9:40  Baneling x3  
  60  9:41  Zergling x8  
  60  9:42  Zergling x8  
  60  9:43  Overlord x2  
  67  9:48  Drone  
  67  9:55  Spire  
  65  10:00  Baneling x3  
  65  10:01  Zergling x8  
  65  10:02  Zergling x8  
  73  10:18  Baneling x3  
  73  10:19  Baneling  
  73  10:21  Drone x6  
  75  10:22  Drone  
  75  10:24  Baneling x2  
  80  10:28  Centrifical Hooks  
  80  10:35  Baneling x2  
  80  10:36  Baneling x2  
  80  10:52  Extractor  
  80  10:53  Drone x2  
  80  10:56  Extractor  
  76  11:07  Mutalisk x2  
  76  11:08  Mutalisk x4  
  76  11:09  Mutalisk  
  90  11:26  Mutalisk x4  
  97  11:56  Mutalisk x3  
  97  11:57  Mutalisk  
  105  12:08  Drone x7  
  109  12:12  Overlord x2  
  107  12:33  Mutalisk x3  
  107  12:34  Mutalisk x2  
  107  12:35  Zergling x8  
  121  12:55  Infestation Pit  
  118  13:02  Baneling x3  
  115  13:19  Infestation Pit  
  93  13:35  Mutalisk  
  93  13:36  Mutalisk x6  
  93  13:38  Zergling x4  
  93  13:39  Zergling x14  
  93  13:40  Zergling x4  
  115  14:03  Overseer  
  115  14:04  Lair  
  106  14:32  Infestor x2  
  106  14:33  Infestor  
  97  14:48  Mutalisk x4, Zergling x6  
  97  14:49  Zergling x4  
  102  15:29  Pneumatized Carapace  
  96  15:53  Mutalisk x6  
  96  15:54  Mutalisk x2, Zergling x14  
  108  16:27  Hatchery  
  108  16:28  Extractor  
  108  16:30  Extractor  
  99  16:45  Mutalisk  
  99  16:46  Mutalisk x7, Zergling x10  
  99  16:47  Mutalisk, Zergling x8  
  108  16:48  Zergling x4  
  107  17:06  Baneling x2  
  107  17:07  Baneling  
  107  17:14  Baneling x3  
  107  17:15  Baneling x5  
  103  17:25  Mutalisk  
  103  17:26  Zergling x6  
  103  17:27  Zergling x8  
  111  17:37  Hatchery  
  111  17:39  Extractor  
  109  17:57  Mutalisk x3, Zergling x4  
  109  17:58  Zergling x16  
  123  18:07  Overseer  
  94  18:43  Zergling x4  
  94  18:44  Zergling x14  
  101  18:58  Zergling x8  
  101  18:59  Zergling x18  
  101  19:00  Zergling x4  
  114  19:30  Baneling  
  114  19:31  Baneling x12  
  108  19:41  Zergling x10  
Show
View Real Time Build Order
Export as new Build Order

Arkadia Zerg - Winner!

Build Orders: Hatch First, Lurkers 

Get SALT Encoding   

  12  0:00  Drone  
  13  0:14  Overlord  
  13  0:17  Drone  
  14  0:33  Drone x2  
  16  0:49  Hatchery  
  15  0:54  Drone  
  15  0:55  Drone  
  17  0:59  Drone  
  18  1:11  Extractor  
  17  1:18  Spawning Pool  
  17  1:20  Drone x2  
  18  1:31  Drone  
  19  1:43  Overlord  
  19  1:55  Drone  
  20  2:06  Queen x2  
  24  2:08  Zergling x2  
  24  2:09  Zergling x2  
  24  2:14  Zergling x4  
  24  2:15  Metabolic Boost  
  28  2:23  Drone x2  
  30  2:34  Drone x2  
  32  2:48  Queen  
  32  2:51  Lair  
  34  2:52  Drone x2  
  34  2:57  Overlord  
  36  3:06  Roach Warren  
  36  3:08  Extractor  
  36  3:10  Extractor  
  36  3:12  Drone x2  
  35  3:14  Drone  
  35  3:31  Drone  
  35  3:32  Drone x4  
  37  3:46  Spine Crawler x2  
  37  3:48  Roach x2  
  39  3:53  Roach  
  39  3:54  Roach  
  43  4:00  Spine Crawler  
  42  4:10  Spine Crawler, Roach  
  42  4:15  Overlord  
  43  4:18  Overlord  
  43  4:41  Drone  
  43  4:42  Overlord  
  43  4:43  Overlord  
  44  5:04  Roach x8  
  50  5:14  Roach  
  50  5:15  Roach x2  
  56  5:28  Roach  
  56  5:29  Roach  
  56  5:30  Overlord  
  60  5:43  Overlord  
  60  5:45  Overlord  
  48  5:57  Roach x4  
  46  6:10  Ravager  
  45  6:12  Roach x4  
  47  6:29  Drone x3  
  50  6:36  Ravager  
  50  6:37  Spine Crawler  
  50  6:39  Roach  
  56  6:40  Roach x2  
  56  6:49  Queen  
  58  6:54  Roach  
  60  7:05  Glial Reconstitution  
  60  7:10  Overlord x2  
  56  7:32  Ravager  
  56  7:34  Ravager  
  56  7:35  Ravager  
  60  7:37  Ravager  
  60  7:41  Drone x2  
  62  7:47  Drone x8, Evolution Chamber  
  69  7:59  Drone  
  69  8:04  Spine Crawler  
  69  8:06  Overlord  
  67  8:26  Roach x2  
  67  8:27  Roach x6  
  76  8:29  Ravager  
  66  8:48  Drone x4  
  68  8:51  Overlord x2  
  68  8:52  Extractor  
  68  8:55  Hatchery  
  68  8:56  Zerg Missile Weapons Level 1  
  68  8:59  Evolution Chamber  
  68  9:01  Ravager x4  
  68  9:02  Ravager  
  72  9:04  Roach  
  74  9:13  Overlord x2  
  74  9:14  Drone x2  
  76  9:28  Drone x7  
  83  10:02  Zerg Ground Armor Level 1  
  83  10:03  Hydralisk Den  
  80  10:12  Roach x8  
  93  10:24  Drone x5  
  93  10:25  Drone  
  99  10:34  Extractor  
  98  10:35  Extractor  
  98  10:37  Queen x2  
  98  10:39  Queen  
  103  10:42  Lurker Den  
  103  10:45  Muscular Augments  
  103  10:48  Hydralisk x5  
  112  11:02  Drone x2  
  114  11:04  Overlord x2  
  114  11:36  Ravager  
  114  11:38  Ravager  
  116  11:41  Roach x7  
  116  11:43  Overlord x2  
  130  11:56  Grooved Spines  
  130  12:13  Infestation Pit  
  129  12:38  Hydralisk  
  129  12:39  Hydralisk x8  
  130  13:04  Hydralisk x7  
  141  13:08  Ravager  
  141  13:11  Lurker  
  141  13:12  Lurker x3  
  146  13:13  Overlord x2  
  146  13:14  Overlord x5  
  136  13:39  Hydralisk x7  
  136  13:40  Zergling x2  
  151  13:44  Ravager  
  151  13:47  Ravager x2  
  137  14:12  Overseer x2  
  137  14:13  Pneumatized Carapace  
  130  14:23  Drone x6  
  130  14:24  Drone x3  
  139  14:29  Zerg Missile Weapons Level 2, Hive  
  139  14:30  Zerg Ground Armor Level 2  
  139  14:36  Hatchery  
  139  14:38  Hatchery  
  109  15:08  Roach x3  
  109  15:09  Roach x10  
  107  15:24  Hydralisk x2  
  107  15:25  Hydralisk x6  
  123  15:35  Extractor  
  123  15:36  Drone x3  
  123  15:37  Extractor  
  124  15:43  Seismic Spines  
  124  15:47  Pathogen Glands  
  124  15:49  Ravager x5  
  129  16:05  Spine Crawler  
  129  16:07  Spine Crawler  
  127  16:11  Drone x8  
  127  16:12  Drone x7  
  122  16:40  Adaptive Talons  
  89  16:54  Roach x9  
  89  16:55  Roach x7  
  89  16:56  Hydralisk  
  89  16:57  Hydralisk x5  
  128  17:08  Extractor  
  127  17:10  Extractor  
  127  17:15  Hydralisk x4  
  126  17:19  Ravager x5  
  126  17:21  Ravager x4  
  143  17:26  Lurker x2  
  145  17:48  Drone x2, Hydralisk  
  145  17:49  Hydralisk x9  
  167  17:54  Lurker  
  168  18:01  Spine Crawler  
  168  18:05  Spine Crawler  
  166  18:08  Overseer  
  144  18:44  Lurker  
  144  18:45  Lurker x3  
  140  19:11  Hatchery  
  131  19:26  Roach x2  
  131  19:27  Roach x10  
Tags
 
Add a new tag
Caveats
  • Supply blocks, unpowered buildings, or Contaminate may cause inaccurate times.
  • Supply counts are checked every 10 seconds.